 Dungeon Crawl Stone Soup version 0.17-a0-957-ga3519be (webtiles) character file.

10655 namelastname112 the Archer (level 11, -1/95 HPs)
             Began as a Mottled Draconian Warper on May 7, 2015.
             Was an Elder of Okawaru.
             Slain by a blink frog (13 damage)
             ... on level 1 of the Lair of Beasts.
             The game lasted 00:53:27 (18386 turns).

namelastname112 the Archer (DrWr)                  Turns: 18386, Time: 00:53:27

Health: -1/95      AC: 11    Str: 12 (14) XL:     11   Next: 39%
Magic:  19/19      EV: 16    Int: 12 (13) God:    Okawaru [****..]
Gold:   382        SH:  0    Dex: 14      Spells: 3 memorised, 15 levels left

rFire  . . .     SeeInvis +     a - +0 halberd
rCold  . . .     Clarity  .     (armour unavailable)
rNeg   . . .     SustAb   .     (no shield)
rPois  .         Gourm    +     (helmet restricted)
rElec  .         Spirit   .     l - +0 cloak
rCorr  .         Warding  .     (no gloves)
rMut   .         Stasis   .     h - +2 pair of boots {run}
MR     +....                    t - amulet of the gourmand
Stlth  ++........               k - ring of protection from magic
                                B - ring of see invisible

@: short of breath, quick, somewhat resistant to hostile enchantments,
unstealthy
A: breathe sticky flame splash, unfitting armour, talons 1, blink 1,
deterioration 1, cold-blooded, AC +7
a: Breathe Sticky Flame, Blink, Heroism, Renounce Religion


You were on level 1 of the Lair of Beasts.
You worshipped Okawaru.
Okawaru was greatly pleased with you.
You were hungry.

You visited 2 branches of the dungeon, and saw 12 of its levels.
You also visited: Bailey.

You collected 526 gold pieces.
You spent 144 gold pieces at shops.

Inventory:

Hand weapons
 a - a +0 halberd (weapon)
 b - a +0 shortbow
 v - a +0 trident
Missiles
 g - 84 arrows
 F - 22 arrows of frost
Armour
 h - a +2 pair of boots of running (worn)
 l - a +0 cloak (worn)
Jewellery
 k - a ring of protection from magic (right hand)
 t - an amulet of the gourmand (around neck)
 y - an uncursed amulet of guardian spirit
 A - an uncursed ring of protection from fire
 B - a ring of see invisible (left hand)
 H - an uncursed amulet of warding
 M - an uncursed ring of invisibility {unknown}
Magical devices
 d - a wand of lightning (0)
 u - a wand of slowing (19)
 D - a wand of random effects (0)
 L - a wand of enslavement (7)
Scrolls
 c - 2 scrolls of blinking
 i - 2 scrolls of identify
 j - a scroll of immolation
 m - 2 scrolls of fear
 o - a scroll of recharging
 p - a scroll of enchant weapon
 q - 4 scrolls of enchant armour
 r - 10 scrolls of remove curse
 s - 2 scrolls of amnesia
 w - 5 scrolls of teleportation
 C - a scroll of noise
 I - 2 scrolls of fog
Potions
 f - a potion of curing
 x - 2 potions of agility
 z - a potion of brilliance
 G - a potion of magic
 J - 2 potions of flight
Books
 E - a book of Spatial Translocations

   Spells                             Type                      Level
   a - Apportation                    Translocation                1
   b - Blink                          Translocation                2
   c - Shroud of Golubria             Charms/Translocation         2
   d - Portal Projectile              Translocation                3
   e - Teleport Other                 Translocation                3
   f - Passage of Golubria            Translocation                4
Comestibles
 e - 4 bread rations
 n - 3 meat rations
 K - 4 chunks of flesh


   Skills:
 + Level 8.6 Fighting
 + Level 8.0 Polearms
 * Level 8.8 Bows
 - Level 0.8 Throwing
 + Level 7.3 Dodging
 - Level 5.6 Spellcasting
 - Level 6.1 Translocations


You had 15 spell levels left.
You knew the following spells:

 Your Spells              Type           Power        Failure   Level  Hunger
a - Apportation           Tloc           ###.......   1%          1    None
b - Blink                 Tloc           N/A          1%          2    ##.....
c - Portal Projectile     Tloc           ###...       4%          3    ###....


Dungeon Overview and Level Annotations

Branches:
Dungeon (11/15)            Temple (0/1) D:7            Lair (1/8) D:10
    Orc (0/4) D:9

Altars:
Cheibriados
Kikubaaqudgha
Okawaru
Trog
Vehumet
Xom
Beogh

Shops:
D:4 %   D:5 }   D:6 *

Annotations:
D:6 oplop's ghost, experienced TrTm


Innate Abilities, Weirdness & Mutations

You can spit globs of burning liquid.
You can ignite nearby creatures when you spit burning liquid.
Your weird mottled scales are hard (AC +7).
Your body does not fit into most forms of armour.
You are cold-blooded and may be slowed by cold attacks.
You have sharp toenails.
You can translocate small distances at will.
Your body sometimes deteriorates upon taking damage.


Message History

The blink frog hits you.
* * * LOW HITPOINT WARNING * * *
Drink which item? (? for menu, Esc to quit)
You feel better. The blink frog hits you!
* * * LOW HITPOINT WARNING * * *
The blink frog barely misses you.
Drink which item? (? for menu, Esc to quit)
You feel better. The blink frog barely misses you.
You miss the blink frog.
The blink frog is lightly wounded.
The blink frog barely misses you.
The blink frog hits you but does no damage.
You miss the blink frog.
The blink frog is lightly wounded.
The blink frog hits you!
* * * LOW HITPOINT WARNING * * *
You hit the blink frog.
The blink frog is lightly wounded.
The blink frog hits you!
You die...

.......%..%.#
.......%..... #
##.....%...!. ... ..
#...........# #..# #.
#..........###..#
#..###..............##
.....................P
#.............# ....
##@F.........# #.
#............#
#..##.......##
##†.######P...###
#.### ##......#### #.#
#.........#.. ...
.......###.... .....
........# #..##
##.#..##.#...#.##..##


You could see a blink frog.

Vanquished Creatures
  An unseen horror (D:10)
  Pikel (D:8)
  2 orc knights (Bailey)
  A centaur zombie (D:10)
  Maurice (D:9)
  A spiny frog (Lair:1)
  Psyche (D:8)
  A troll (D:9)
  Prince Ribbit (D:6)
  2 blink frogs (Lair:1)
  5 yaks (D:9)
  A deep elf mage (D:9)
  A hippogriff (D:10)
  3 wyverns
  A hungry ghost (D:8)
  A porcupine (Lair:1)
  Duvessa (D:4)
  A water moccasin (D:10)
  3 slaves (D:8)
  4 ice beasts
  A black bear (D:9)
  3 ogres
  A necrophage (D:9)
  15 orc warriors
  A phantom (D:9)
  A wasp (D:8)
  3 centaurs
  A big kobold (D:7)
  3 giant frogs
  5 killer bees (D:10)
  Dowan (D:4)
  2 scorpions
  A giant frog zombie (D:7)
  2 quasits
  3 wights (D:9)
  2 crimson imps
  9 orc wizards
  7 orc priests
  A giant frog skeleton (D:9)
  2 centaur skeletons
  5 hounds
  6 iguanas
  5 worker ants
  5 gnolls
  9 adders
  An ooze (D:1)
  3 worms
  7 giant geckos
  50 orcs
  3 ball pythons
  2 bat skeletons
  2 bat zombies
  8 giant cockroaches
  21 hobgoblins
  15 jackals
  44 kobolds
  5 quokkas
  18 bats
  2 giant newts (D:1)
  A giant spore (D:8)
  11 goblins
  A quokka zombie (D:7)
  15 rats
  2 ballistomycetes
338 creatures vanquished.

Vanquished Creatures (others)
  A slave (D:8)
  A hobgoblin (D:8)
  A kobold (D:6)
  A giant spore (D:9)
  A plant (D:7)
5 creatures vanquished.

Grand Total: 343 creatures vanquished

Notes
Turn   | Place    | Note
--------------------------------------------------------------
     0 | D:1      | namelastname112, the Draconian Warper, began the quest for the Orb.
     0 | D:1      | Reached XP level 1. HP: 17/17 MP: 3/3
   385 | D:1      | Reached XP level 2. HP: 19/24 MP: 5/5
   437 | D:1      | Identified a +2 pair of boots of running (You found it on level 1 of the Dungeon)
  1146 | D:2      | Reached XP level 3. HP: 30/30 MP: 6/6
  1265 | D:2      | Learned a level 2 spell: Blink
  1269 | D:2      | Learned a level 3 spell: Portal Projectile
  2111 | D:3      | Found an ancient bone altar of Kikubaaqudgha.
  2222 | D:3      | Reached XP level 4. HP: 29/37 MP: 8/8
  2622 | D:3      | Found an iron altar of Okawaru.
  2846 | D:3      | Found a shimmering altar of Xom.
  3109 | D:4      | Reached XP level 5. HP: 30/44 MP: 9/9
  3211 | D:4      | Found a snail-covered altar of Cheibriados.
  3245 | D:4      | Found Fustapp's Food Shoppe.
  3675 | D:4      | Noticed Duvessa
  3676 | D:4      | Noticed Dowan
  3722 | D:3      | Reached skill level 4 in Translocations
  3960 | D:3      | Gained mutation: You have sharp toenails. [potion of mutation]
  3960 | D:3      | Gained mutation: Your body sometimes deteriorates upon taking damage. [potion of mutation]
  3960 | D:3      | Gained mutation: You can translocate small distances at will. [potion of mutation]
  4139 | D:4      | Reached XP level 6. HP: 37/51 MP: 9/11
  4299 | D:4      | Killed Dowan
  4522 | D:4      | Killed Duvessa
  4897 | D:5      | Entered Level 5 of the Dungeon
  4925 | D:5      | Found Ycawaj's Gadget Shoppe.
  5422 | D:5      | Your scales start taking on a weird mottled colour.
  5422 | D:5      | Reached XP level 7. HP: 40/58 MP: 9/13
  5928 | D:6      | Noticed Prince Ribbit
  5935 | D:6      | Killed Prince Ribbit
  5935 | D:6      | Reached skill level 1 in Bows
  6091 | D:6      | Found a bloodstained altar of Trog.
  6105 | D:6      | Reached skill level 5 in Translocations
  6105 | D:6      | Reached XP level 8. HP: 24/67 MP: 7/14
  6443 | D:3      | Became a worshipper of Warmaster Okawaru
  6579 | D:6      | Noticed oplop's ghost (experienced TrTm)
  6624 | D:6      | Found Vur Cibi's Assorted Antiques.
  6643 | D:6      | Bought a scroll labeled FUNAAL NYNUK for 25 gold pieces
  6643 | D:6      | Bought a scroll labeled FUNAAL NYNUK for 25 gold pieces
  6643 | D:6      | Bought a scroll labeled FUNAAL NYNUK for 25 gold pieces
  6643 | D:6      | Bought a glowing orange potion for 22 gold pieces
  6643 | D:6      | Bought a fuming red potion for 22 gold pieces
  6643 | D:6      | Bought a scroll labeled ZELAGE DOSOOB for 25 gold pieces
  6690 | D:6      | Found a radiant altar of Vehumet.
  7784 | D:7      | Found a staircase to the Ecumenical Temple.
  7792 | D:7      | Found a flagged portal.
  7803 | Bailey   | Entered a bailey
  7829 | Bailey   | Noticed an orc knight
  7834 | Bailey   | Noticed an orc knight
  8087 | Bailey   | Reached skill level 5 in Fighting
  8284 | Bailey   | Killed an orc knight
  8284 | Bailey   | Acquired Okawaru's first power
  8284 | Bailey   | Reached skill level 5 in Polearms
  8284 | Bailey   | Reached skill level 5 in Spellcasting
  8284 | Bailey   | Reached XP level 9. HP: 74/74 MP: 3/16
  9076 | Bailey   | Reached skill level 5 in Dodging
  9489 | Bailey   | Killed an orc knight
  9489 | Bailey   | Reached skill level 6 in Translocations
 10240 | D:7      | Reached skill level 5 in Bows
 11309 | D:8      | Found a bloodstained altar of Trog.
 11625 | D:8      | Noticed Pikel
 11638 | D:8      | Killed Pikel
 11741 | D:8      | Noticed Psyche
 11766 | D:8      | Killed Psyche
 11766 | D:8      | Reached XP level 10. HP: 50/84 MP: 18/18
 12374 | D:9      | Reached skill level 7 in Fighting
 12791 | D:9      | Found a roughly hewn altar of Beogh.
 12791 | D:9      | Found a staircase to the Orcish Mines.
 14012 | D:9      | Noticed Maurice
 14037 | D:9      | Killed Maurice
 15749 | D:9      | Reached skill level 8 in Fighting
 16030 | D:9      | Reached XP level 11. HP: 81/94 MP: 19/19
 16147 | D:10     | Entered Level 10 of the Dungeon
 16650 | D:10     | Received a gift from Okawaru
 16726 | D:10     | Found a staircase to the Lair.
 16911 | D:10     | Noticed an unseen horror
 16942 | D:10     | Killed an unseen horror
 17372 | D:10     | Noticed a four-headed hydra
 18121 | Lair:1   | Entered Level 1 of the Lair of Beasts
 18386 | Lair:1   | Slain by a blink frog

Action                   |  1- 3 |  4- 6 |  7- 9 | 10-12 || total
-------------------------+-------+-------+-------+-------++-------
Melee: Spear             |   216 |   350 |   860 |   220 ||  1646
       Halberd           |       |       |       |   415 ||   415
       Trident           |       |       |       |    15 ||    15
 Fire: Shortbow          |       |       |   429 |    60 ||   489
Throw: Tomahawk          |       |     4 |    51 |       ||    55
 Cast: Blink             |       |     5 |     3 |     2 ||    10
       Apportation       |       |       |   117 |       ||   117
       Portal Projectile |       |       |     9 |     1 ||    10
Invok: Heroism           |       |       |     1 |       ||     1
 Abil: Breathe Sticky Fl |       |       |    19 |    37 ||    56
Evoke: Wand              |       |     7 |     8 |       ||    15
  Use: Potion            |       |     5 |     8 |     4 ||    17
       Scroll            |       |       |       |    13 ||    13
 Stab: Sleeping          |       |     2 |     1 |     2 ||     5
  Eat: Chunk             |     4 |     6 |    12 |     6 ||    28
       Bread ration      |       |     1 |     2 |     1 ||     4
       Beef jerky        |       |       |     2 |       ||     2
       Pizza             |       |       |     1 |     1 ||     2
       Royal jelly       |       |       |     1 |       ||     1
       Meat ration       |       |       |       |     3 ||     3
